 Dungeon Crawl Stone Soup version 0.30-a0-1102-g2dbb833546 (webtiles) character file.

Game seed: 8204237988913330469

46197 Essalna the Fighter (level 14, -13/119 HPs)
             Began as a Demonspawn Conjurer on Apr 18, 2023.
             Was a High Priest of Vehumet.
             Mangled by a dire elephant (19 damage)
             ... on level 5 of the Lair of Beasts.
             The game lasted 00:35:11 (16610 turns).

Essalna the Fighter (Demonspawn Conjurer)          Turns: 16610, Time: 00:35:12

Health: -13/119    AC: 11    Str:  7    XL:     14   Next: 3%
Magic:  11/26      EV: 22    Int: 28    God:    Vehumet [*****.]
Gold:   905        SH:  0    Dex: 16    Spells: 10/17 levels left

rFire   . . .      SeeInvis .    C - +12 arbalest "Cexock" {elec, Int+2 Dex+5}
rCold   . . .      Faith    .    (shield currently unavailable)
rNeg    . . .      Spirit   .    z - +1 robe {Archmagi}
rPois   .          Reflect  .    (no helmet)
rElec   .          Rampage  .    n - +2 cloak
rCorr   .          Archmagi +    x - +0 pair of gloves
Will    +....                    (no boots)
Stlth   +++                      H - amulet of regeneration
HPRegen 1.19/turn                K - ring of magical power
MPRegen 0.20/turn                k - +5 ring of evasion

@: studying Stealth
A: thin metallic scales 2, demonic guardian 1, powered by death 2, weakness
stinger 1
a: Renounce Religion


You were on level 5 of the Lair of Beasts.
You worshipped Vehumet.
Vehumet was extremely pleased with you.
You visited 3 branches of the dungeon, and saw 15 of its levels.

You collected 905 gold pieces.

Inventory:

Hand Weapons
 e - a +0 short sword
 i - a +2 dagger of venom
 C - the +12 arbalest "Cexock" (weapon) {elec, Int+2 Dex+5}
   (You found it on level 9 of the Dungeon)

   Int:       It affects your intelligence (+2).
   Dex:       It affects your dexterity (+5).
Armour
 a - a +1 robe
 n - a +2 cloak (worn)
 w - a +0 cloak
 x - a +0 pair of gloves (worn)
 z - a +1 robe of the Archmagi (worn)
 M - a +0 buckler
Jewellery
 c - a ring of see invisible
 k - a +5 ring of evasion (right hand)
 p - a ring of positive energy
 q - a ring of protection from fire
 s - a ring of poison resistance
 H - an amulet of regeneration (around neck)
 K - a ring of magical power (left hand)
Wands
 j - a wand of mindburst (8)
 t - a wand of quicksilver (10)
 I - a wand of paralysis (9)
 J - a wand of polymorph (5)
 L - a wand of flame (9)
Scrolls
 g - 5 scrolls of poison {unknown}
 h - 13 scrolls of identify
 r - 3 scrolls of fog
 v - 2 scrolls of acquirement {unknown}
 y - 3 scrolls of enchant weapon {unknown}
 F - 2 scrolls of fear {unknown}
Potions
 b - 3 potions of magic
 d - 3 potions of berserk rage {unknown}
 f - 5 potions of invisibility
 l - 3 potions of mutation {unknown}
 m - 3 potions of attraction {unknown}
 o - 3 potions of brilliance {unknown}
 u - 2 potions of degeneration {unknown}
 A - a potion of cancellation {unknown}
 B - 3 potions of flight {unknown}
 D - a potion of curing {unknown}
 E - a potion of lignification {unknown}
 G - 4 potions of might
 N - a potion of heal wounds {unknown}


   Skills:
 + Level 13.8 Fighting
 + Level 9.6 Ranged Weapons
 + Level 9.4 Armour
 + Level 9.6 Dodging
 - Level 5.0 Stealth
 - Level 2.0 Spellcasting
 - Level 10.4 Conjurations
 - Level 3.0 Translocations


You had 10 spell levels left.
You knew the following spells:

 Your Spells              Type           Power      Damage    Failure   Level
a - Magic Dart            Conj           100%       1d8       1%          1
b - Iskenderun's Mystic   Conj/Tloc      57%        2d12      1%          4
c - Searing Ray           Conj           100%       2d8       1%          2

Your spell library contained the following spells:

 Spells                   Type           Power      Damage    Failure   Level
 Eringya's Noxious Bog    Tmut/Pois      2%         N/A       96%         6
 Dazzling Flash           Conj/Hex       96%        N/A       1%          3
 Apportation              Tloc           58%        N/A       2%          1
 Flame Wave               Conj/Fire      48%        2d12      3%          4
 Fulminant Prism          Conj/Hex       24%        3d12      3%          4
 Poisonous Vapours        Pois/Air       8%         N/A       4%          2
 Scorch                   Fire           8%         2d5       4%          2
 Volatile Blastmotes      Fire/Tloc      32%        2d12      4%          3
 Frozen Ramparts          Ice            8%         1d2       7%          3
 Inner Flame              Hex/Fire       4%         N/A       7%          3
 Sting                    Tmut/Pois      16%        1d3       9%          1
 Cigotuvi's Dreadful Rot  Necr/Pois/Air  8%         N/A       14%         2
 Olgreb's Toxic Radiance  Pois           4%         N/A       22%         4
 Starburst                Conj/Fire      24%        6d8       38%         6
 Yara's Violent Unravell  Hex/Tmut       2%         3d3       50%         5
 Dispel Undead            Necr           4%         3d7       65%         4
 Ice Form                 Ice/Tmut       4%         N/A       65%         4
 Summon Ice Beast         Ice/Summ       4%         N/A       65%         4
 Summon Forest            Summ/Tloc      8%         N/A       80%         5
 Agony                    Necr           4%         N/A       94%         5
 Alistair's Intoxication  Tmut/Pois      2%         N/A       94%         5
 Silence                  Hex/Air        2%         N/A       94%         5
 Summon Mana Viper        Hex/Summ       4%         N/A       94%         5
 Death Channel            Necr           2%         N/A       100%        6
 Summon Cactus Giant      Summ           2%         N/A       100%        6
 Enfeeble                 Hex            2%         N/A       100%        7


Dungeon Overview and Level Annotations

Branches:
Dungeon (9/15)             Temple (1/1) D:6            Lair (5/5) D:8
  Swamp (0/4) Lair:3        Snake (0/4) Lair:2        Slime (0/5) Lair:5
    Orc: D:9-12

Altars:
Ashenzari
Cheibriados
Dithmenos
Fedhas
Gozag
Hepliaklqana
Kikubaaqudgha
Makhleb
Nemelex Xobeh
Okawaru
Qazlal
Ru
Sif Muna
Trog
Uskayaw
Vehumet
Wu Jian
Xom
Yredelemnul
Jiyva

Shops:
D:3 :   D:9 !

Annotations:
D:4 2 transporters


Innate Abilities, Weirdness & Mutations

You are mostly covered in thin metallic scales. (AC +3)
A weak demonic guardian rushes to your aid.
You regenerate health from kills.
You have a small tail.


Message History

The mystic blast hits the dire elephant!
The dire elephant is severely wounded.
The dire elephant is knocked back by the mystic blast.
You are too injured to fight recklessly!
Fire: C) +12 arbalest "Cexock" {elec, Int+2 Dex+5}
Press: ? - help, Q - select action, (/) - cycle Shift-Dir - straight line, f/p - dire elephant
Aim: a dire elephant (severely wounded, 93% to hit)
You shoot a bolt. The bolt hits the dire elephant.
The dire elephant is severely wounded.
The dire elephant tramples you!!
You hold your ground!
The dire elephant closely misses you.
Casting: Iskenderun's Mystic Blast (mildly dangerous; 1% risk of failure)
Confirm with . or Enter, or press ? or * to list all spells.
You feel a surge of power!
You erupt in a blast of force!
The mystic blast hits the dire elephant but does no damage.
The dire elephant is severely wounded.
The dire elephant tramples you!!
* * * LOW HITPOINT WARNING * * *
You hold your ground!
The dire elephant barely misses you.
Casting: Iskenderun's Mystic Blast (mildly dangerous; 1% risk of failure)
Confirm with . or Enter, or press ? or * to list all spells.
You feel a surge of power!
You erupt in a blast of force!
The mystic blast hits the dire elephant!
The dire elephant is severely wounded.
The dire elephant tramples you!!
* * * LOW HITPOINT WARNING * * *
A demonic guardian appears!
You hold your ground!
The dire elephant completely misses you.
Casting: Iskenderun's Mystic Blast (mildly dangerous; 1% risk of failure)
Confirm with . or Enter, or press ? or * to list all spells.
You feel a surge of power!
Really blast near your hellwing? [Y]es or [N]o only, please.
Really blast near your hellwing?
Okay, then.
Unknown command.
Unknown command.
The dire elephant attacks as you move away!
The dire elephant tramples you!!
You die...

.....♣♣♣♣ ♣♣♣
........♣♣♣ ..♣♣
..........♣♣ ...♣
#..††♣♣♣♣♣..♣♣ ...♣
.#..♣♣ ♣..♣ ..♣ .....♣
♣..♣ ♣♣.♣ ....♣♣
♣..♣♣..♣ .....♣
♣..♣Y.♣ .....♣♣ ♣.@♣♣♣
......♣ ♣♣..♣♣ .♣
......♣ ♣♣.4♣♣ ...
....♣♣♣
♣♣♣♣♣♣♣..♣♣♣...
.....♣♣
♣♣♣...♣♣♣♣.♣..♣
......♣♣♣♣.......♣...♣
......♣♣..♣♣♣♣♣♣....♣♣
........♣♣♣ ♣♣..♣♣
.....♣♣♣♣ ♣♣.♣


You could see a dire elephant (ally target) and a friendly hellwing (summoned).

Vanquished Creatures
  A dire elephant (Lair:5)
  2 hydras (Lair:5)
  A catoblepas (Lair:4)
  A two-headed ogre (D:8)
  8 death yaks
  2 fire crabs (Lair:4)
  3 skysharks
  2 bog bodies (Lair:3)
  4 oklob plants
  28 elephants
  2 black mambas
  A torpor snail (Lair:5)
  9 cane toads
  3 rime drakes
  11 komodo dragons
  A polar bear (Lair:5)
  17 blink frogs
  A wraith (D:9)
  9 basilisks
  2 wyverns
  A steam dragon (D:5)
  35 yaks
  An acid dragon (D:9)
  3 swamp worms (Lair:3)
  13 water moccasins
  A floating eye (Lair:3)
  A black bear (Lair:2)
  A sky beast (D:7)
  2 ice beasts (D:6)
  An ogre (D:6)
  5 centaurs
  2 kobold brigands
  A phantom (D:5)
  9 bullfrogs
  3 gnoll sergeants
  4 scorpions
  7 wights
  9 killer bees (D:8)
  6 electric eels
  2 howler monkeys
  A vampire bat (D:5)
  5 hounds
  2 gnoll boudas
  3 jellies
  Crazy Yiuf (D:5)
  4 orc priests
  2 iguanas (D:5)
  4 orc wizards (D:7)
  Robin (D:4)
  24 gnolls
  6 adders
  A shadow imp (D:7)
  2 white imps
  2 worms
  A dart slug (D:1)
  14 orcs
  10 ball pythons
  2 bat skeletons (D:5)
  2 bat zombies (D:5)
  4 endoplasms
  15 giant cockroaches
  12 goblins
  7 hobgoblins
  10 jackals
  A quokka (D:4)
  5 bats
  2 frilled lizards (D:2)
  9 kobolds
  17 rats
  A butterfly (Lair:2)
385 creatures vanquished.

Vanquished Creatures (collateral kills)
  A blink frog (Lair:2)
  4 yaks
5 creatures vanquished.

Vanquished Creatures (others)
  22 fungi
  68 plants
90 creatures vanquished.

Grand Total: 480 creatures vanquished

Notes
Turn   | Place    | Note
-------+----------+-------------------------------------------
     0 | D:1      | Essalna the Demonspawn Conjurer began the quest for the
                  | Orb.
     0 | D:1      | Reached XP level 1. HP: 13/13 MP: 3/3
   138 | D:1      | Reached skill level 1 in Fighting
   185 | D:1      | Gained mutation: A weak demonic guardian rushes to your
                  | aid. [demonic ancestry]
   185 | D:1      | Reached XP level 2. HP: 21/21 MP: 0/5
   779 | D:1      | Reached XP level 3. HP: 24/27 MP: 1/6
  1018 | D:1      | Reached skill level 2 in Fighting
  1077 | D:2      | Found a faded altar of an unknown god.
  1881 | D:2      | Reached XP level 4. HP: 33/34 MP: 7/7
  2377 | D:3      | Reached skill level 5 in Conjurations
  2492 | D:3      | Noticed a scorpion
  2501 | D:3      | Killed a scorpion
  2502 | D:3      | Reached skill level 3 in Fighting
  2502 | D:3      | Reached XP level 5. HP: 41/41 MP: 0/8
  2782 | D:3      | Found Gostean's Book Emporium.
  3517 | D:4      | Noticed Robin
  3526 | D:4      | Killed Robin
  3634 | D:4      | Found a transporter.
  3714 | D:4      | Learned a level 4 spell: Iskenderun's Mystic Blast
  3856 | D:4      | Found a sparkling altar of Nemelex Xobeh.
  3982 | D:4      | Found a transporter.
  4078 | D:5      | Entered Level 5 of the Dungeon
  4091 | D:5      | Noticed a steam dragon
  4119 | D:5      | Reached skill level 4 in Fighting
  4175 | D:5      | Gained mutation: You have a small tail. [demonic ancestry]
  4175 | D:5      | Reached XP level 6. HP: 48/48 MP: 6/9
  4317 | D:5      | Found an ancient bone altar of Kikubaaqudgha.
  4327 | D:5      | Reached skill level 1 in Translocations
  4500 | D:5      | Found a runed translucent door.
  4501 | D:5      | Noticed Crazy Yiuf
  4688 | D:5      | Gained mutation: You regenerate a little health from kills.
                  | [demonic ancestry]
  4688 | D:5      | Reached XP level 7. HP: 55/55 MP: 3/10
  4757 | D:5      | Killed a steam dragon
  4758 | D:5      | Reached skill level 5 in Fighting
  4762 | D:5      | Found a broken altar of Ashenzari.
  4782 | D:5      | Noticed a yak
  4782 | D:5      | Noticed a yak
  4782 | D:5      | Noticed a yak
  4824 | D:5      | Killed a yak
  4928 | D:5      | Noticed a yak
  4937 | D:5      | Killed a yak
  5127 | D:5      | Killed a yak
  5128 | D:5      | Reached XP level 8. HP: 34/64 MP: 5/11
  5136 | D:5      | Reached skill level 6 in Fighting
  5440 | D:5      | Learned a level 2 spell: Searing Ray
  5909 | D:5      | Killed Crazy Yiuf
  6057 | D:6      | Reached skill level 7 in Fighting
  6223 | D:6      | Found a staircase to the Ecumenical Temple.
  6252 | Temple   | Entered the Ecumenical Temple
  6418 | Temple   | Became a worshipper of Vehumet
  7103 | D:7      | Gained mutation: You are partially covered in thin metallic
                  | scales. (AC +2) [demonic ancestry]
  7103 | D:7      | Reached XP level 9. HP: 73/73 MP: 5/12
  7353 | D:6      | Reached skill level 8 in Fighting
  8406 | D:7      | Found a sacrificial altar of Ru.
  8410 | D:7      | Found a blossoming altar of Fedhas.
  8413 | D:7      | Found a basalt altar of Yredelemnul.
  8628 | D:8      | Reached * piety under Vehumet
  8628 | D:8      | Offered knowledge of Sandblast by Vehumet.
  8934 | D:8      | Reached skill level 10 in Conjurations
  8938 | D:8      | Reached skill level 9 in Fighting
  8999 | D:8      | Found a hide-covered altar of Uskayaw.
  9138 | D:8      | Found a staircase to the Lair.
  9138 | D:8      | Noticed a death yak
  9138 | D:8      | Noticed a death yak
  9138 | D:8      | Noticed a death yak
  9138 | D:8      | Noticed a death yak
  9138 | D:8      | Noticed a death yak
  9346 | D:9      | Identified the +12 arbalest "Cexock" {elec, Int+2 Dex+5}
  9413 | D:9      | Found Kiumeurchu's Distillery.
  9556 | D:9      | Reached skill level 1 in Ranged Weapons
  9873 | D:9      | Gained mutation: You regenerate health from kills. [demonic
                  | ancestry]
  9873 | D:9      | Reached XP level 10. HP: 63/83 MP: 8/13
 10287 | D:8      | Reached skill level 1 in Armour
 10298 | D:8      | Offered knowledge of Poisonous Vapours by Vehumet.
 10340 | D:8      | Reached ** piety under Vehumet
 10450 | D:8      | Noticed a two-headed ogre
 10455 | D:8      | Killed a two-headed ogre
 10456 | D:8      | Reached skill level 5 in Stealth
 10465 | D:8      | Noticed a death yak
 10738 | D:8      | Killed a death yak
 10739 | D:8      | Reached skill level 10 in Fighting
 11044 | D:8      | Killed a death yak
 11049 | Lair:1   | Entered Level 1 of the Lair of Beasts
 11051 | Lair:1   | Killed a death yak
 11071 | Lair:1   | Noticed a cane toad
 11075 | Lair:1   | Killed a cane toad
 11076 | Lair:1   | Reached XP level 11. HP: 92/92 MP: 5/14
 11139 | Lair:1   | Noticed a death yak
 11139 | Lair:1   | Noticed a death yak
 11141 | Lair:1   | Noticed a death yak
 11142 | Lair:1   | Noticed a death yak
 11517 | Lair:1   | Reached skill level 5 in Dodging
 11632 | Lair:1   | Reached skill level 5 in Ranged Weapons
 11665 | Lair:1   | Reached skill level 11 in Fighting
 11665 | Lair:1   | Reached skill level 5 in Armour
 11917 | Lair:1   | Offered knowledge of Momentum Strike by Vehumet.
 12656 | Lair:2   | Reached *** piety under Vehumet
 13041 | Lair:2   | Reached XP level 12. HP: 100/100 MP: 15/15
 13173 | Lair:2   | Found a staircase to the Snake Pit.
 13553 | Lair:3   | Offered knowledge of Inner Flame by Vehumet.
 13712 | Lair:3   | Reached skill level 12 in Fighting
 14184 | Lair:3   | Reached **** piety under Vehumet
 14263 | Lair:3   | Found a staircase to the Swamp.
 14271 | Lair:3   | Offered knowledge of Stone Arrow by Vehumet.
 14683 | Lair:4   | Gained mutation: You are mostly covered in thin metallic
                  | scales. (AC +3) [demonic ancestry]
 14683 | Lair:4   | Reached XP level 13. HP: 109/109 MP: 16/16
 15374 | Lair:5   | Entered Level 5 of the Lair of Beasts
 15382 | Lair:5   | Found a viscous altar of Jiyva.
 15382 | Lair:5   | Found a staircase to the Slime Pits.
 15394 | Lair:5   | Reached skill level 13 in Fighting
 15615 | Lair:5   | Noticed a dire elephant
 15630 | Lair:5   | Killed a dire elephant
 15635 | Lair:5   | Reached ***** piety under Vehumet
 15756 | Lair:5   | Offered knowledge of Eringya's Noxious Bog by Vehumet.
 16226 | Lair:5   | Reached XP level 14. HP: 119/119 MP: 17/17
 16610 | Lair:5   | Mangled by a dire elephant

Illustrated notes

Levels and vault maps discovered:
D:1:      nzn_arrival_crosshair, layout_basic
D:2:      layout_loops_ring, shapermc_ecumenical_altar_mp_highgroup,
          minmay_rat_gold_closets
D:3:      minmay_roachtagon, layout_loops_corners, serial_shops, shop,
          minmay_misc_feat_x, minmay_misc_feat_ornament
D:4:      gammafunk_cloud_chamber, layout_basic, lemuel_doored_altar,
          minmay_bisected, uniq_robin
D:5:      layout_gridville, kennysheep_vampire_church,
          mainiacjoe_overflow_concentric_impassable, uniq_crazy_yiuf_cottage
D:6:      layout_rooms, minmay_temple_entry_proselytizer
D:7:      layout_rooms, grunt_temple_overflow_diamond, hangedman_glass_teeth
D:8:      layout_basic, marbit_many_paths, dpeg_lair_monsters, serial_curves,
          eino_curves_03, eino_curves_04, eino_curves_01, minmay_manual_mares
D:9:      layout_gridville, serial_shops, nicolae_inconvenience_store
Temple:   nicolae_temple_bog_church
Lair:1:   layout_regular_city, hangedman_lair_unloving_vines,
          serial_bayou_lake_a, grunt_megastairs_5
Lair:2:   layout_small_grid, dummy_snake_entry, lemuel_fruit_fields,
          grunt_megastairs_3, infiniplex_staircase_pool, lemuel_fruit_fields,
          serial_bayou_shore_b, lemuel_fruit_fields
Lair:3:   layout_long_grid, nicolae_swamp_entry_splash_gauntlet,
          disabler_island, serial_bayou_shore_b
Lair:4:   layout_regular_city, kennysheep_basilisk_garden
Lair:5:   evil_forest, layout_layer_cave, slime_entry_1, serial_bayou_shore_a

Skill      XL: |  1  2  3  4  5  6  7  8  9 10 11 12 13 |
---------------+----------------------------------------+-----
Fighting       | 1 2 3 4 5 7 9 10 11 12 13 | 13.8
Conjurations   | 5 6 7 9 10 | 10.4
Translocations | 2 3 |  3.0
Stealth        | 4 5 |  5.0
Ranged Weapons | 1 4 6 8 9 |  9.6
Dodging        | 2 4 6 8 9 |  9.6
Armour         | 3 6 7 9 |  9.4
Spellcasting   | |  2.0

Action                     |  1- 3 |  4- 6 |  7- 9 | 10-12 | 13-15 || total
---------------------------+-------+-------+-------+-------+-------++-------
  Melee: Short sword       |     8 |       |       |       |       ||     8
         Dagger            |    22 |    82 |   105 |       |       ||   209
         Punch             |       |     1 |     1 |       |       ||     2
         Tailslap          |       |     2 |    23 |       |       ||    25
   Fire: Arbalest          |       |       |    38 |   387 |   226 ||   651
   Cast: Magic Dart        |    83 |   112 |   161 |       |       ||   356
         Iskenderun's Myst |       |       |    10 |    25 |    33 ||    68
         Searing Ray       |       |       |    11 |       |       ||    11
  Evoke: Wand              |       |       |     3 |       |       ||     3
    Use: Scroll            |       |     9 |     2 |     5 |       ||    16
   Stab: Distracted        |     1 |       |       |       |       ||     1
         Sleeping          |     1 |     4 |       |       |       ||     5
 Armour: Robe              |     8 |    33 |    92 |   101 |    37 ||   271
  Dodge: Dodged            |    19 |    66 |   144 |   277 |   165 ||   671

Table legend: (Time is in decaauts)
 A = Elapsed time spent in this place.
 B = Non-inter-level travel time spent in this place.
 C = Inter-level travel time spent in this place.
 D = Time resting spent in this place.
 E = Time spent auto-exploring this place.
 F = Levels seen in this place.
 G = Mean time per level.
                   A        B        C        D        E       F      G
               +--------+--------+--------+--------+--------+-----+--------+
         Total |  17045 |  16630 |    415 |    692 |  12939 |  15 | 1136.3 |
       Dungeon |  10945 |  10669 |    276 |    392 |   8716 |   9 | 1216.1 |
        Temple |    190 |    170 |     20 |      0 |    145 |   1 |  190.0 |
          Lair |   5910 |   5791 |    119 |    300 |   4078 |   5 | 1182.0 |
               +--------+--------+--------+--------+--------+-----+--------+

Top non-repeatable levels by time:
     D:5: 1893 daAuts
  Lair:1: 1691 daAuts
     D:6: 1672 daAuts
     D:8: 1322 daAuts
  Lair:5: 1239 daAuts
     D:3: 1224 daAuts
     D:9: 1193 daAuts
  Lair:3: 1149 daAuts
     D:1: 1066 daAuts
  Lair:4: 981 daAuts
     D:2: 922 daAuts
     D:4: 859 daAuts
  Lair:2: 849 daAuts
     D:7: 789 daAuts
  Temple: 190 daAuts
